 Dungeon Crawl Stone Soup version 0.29.1-2-gbd0b4ee654 (webtiles) character file.

Game seed: 3059847649224072900

186 McKennaii the Conjurer (level 5, -3/38 HPs)
             Began as a Demigod Conjurer on Nov 19, 2022.
             Killed from afar by an orc wizard (10 damage)
             ... with a magic dart
             ... on level 3 of the Dungeon.
             The game lasted 00:03:32 (3327 turns).

McKennaii the Conjurer (Demigod Conjurer)           Turns: 3327, Time: 00:03:32

Health: -3/38      AC:  2    Str:  5 (8)  XL:     5   Next: 15%
Magic:  1/11       EV: 12    Int: 23 (24) God:
Gold:   159        SH:  0    Dex:  9 (12) Spells: 2/9 levels left

rFire   . . .      SeeInvis .   (no weapon)
rCold   . . .      Faith    .   (no shield)
rNeg    . . .      Spirit   .   a - +0 robe
rPois   .          Reflect  .   (no helmet)
rElec   .          Harm     .   (no cloak)
rCorr   .          Rampage  .   (no gloves)
Will    .....                   (no boots)
Stlth   ++........              (no amulet)
HPRegen 0.12/turn               k - ring of wizardry
MPRegen 0.12/turn               (no ring)

@: brilliant, flying, hasted, very quick
A: high MP 1, forlorn, divine attributes
a: no special abilities


You were on level 3 of the Dungeon.
You visited 1 branch of the dungeon, and saw 4 of its levels.

You collected 159 gold pieces.

Inventory:

Armour
 a - a +0 robe (worn)
Jewellery
 k - a ring of wizardry (left hand)
Scrolls
 c - 3 scrolls of identify {unknown}
 e - a scroll of teleportation {unknown}
 f - 4 scrolls of enchant weapon {unknown}
 g - a scroll of poison {unknown}
 l - a scroll of amnesia {unknown}
 p - 2 scrolls of blinking {unknown}
 q - a scroll of summoning {unknown}
Potions
 o - a potion of heal wounds {unknown}
 r - a potion of attraction {unknown}


   Skills:
 + Level 2.7 Dodging
 + Level 2.9 Stealth
 + Level 2.6 Spellcasting
 * Level 4.8 Conjurations


You had 2 spell levels left.
You knew the following spells:

 Your Spells              Type           Power      Damage    Failure   Level
a - Magic Dart            Conj           100%       1d8       1%          1
b - Searing Ray           Conj           74%        2d7       1%          2
c - Iskenderun's Mystic   Conj/Tloc      21%        2d6       17%         4

Your spell library contained the following spells:

 Spells                   Type           Power      Damage    Failure   Level
 Slow                     Hex            16%        N/A       4%          1
 Dazzling Flash           Conj/Hex       42%        N/A       6%          3
 Confusing Touch          Hex            4%         N/A       16%         3
 Vampiric Draining        Necr           4%         2d6       16%         3
 Fulminant Prism          Conj/Hex       10%        3d9       17%         4


Dungeon Overview and Level Annotations

Branches:
Dungeon (4/15)
 Temple: D:4-7


Innate Abilities, Weirdness & Mutations

You have an increased reservoir of magic. (+10% MP)
You shall have no god before yourself.
Your divine heritage dramatically boosts your attributes as you level up.


Message History

You hear some strange, mumbled words.
A puff of flame appears from out of thin air!
The puff of flame hits you!
You climb upwards.
Reactivating autopickup.
There is a stone staircase leading down here.
Something hits you.
Deactivating autopickup; reactivate with Ctrl-A.
A magic dart appears from out of thin air!
The magic dart hits you!
Casting: Searing Ray (safe; 1% risk of failure)
Confirm with . or Enter, or press ? or * to list all spells.
Aiming: Searing Ray (safe; 1% risk of failure)
Press: ? - help, Shift-Dir - straight line (Press . to maintain the ray.)
A magic dart appears from out of thin air!
The magic dart hits you.
* * * LOW HITPOINT WARNING * * *
Unknown command.
It was a potion of cancellation.
You feel magically purged.
It was a potion of degeneration.
There was something very wrong with that liquid.
You feel weakened.
You feel dopey.
You feel clumsy.
You hear some strange, mumbled words.
Something tries to affect you, but you resist.
It was a potion of flight.
You feel very buoyant.
You fly up into the air.
Something hits you.
* * * LOW HITPOINT WARNING * * *
It was a potion of brilliance.
You feel clever all of a sudden. Something hits you.
* * * LOW HITPOINT WARNING * * *
It was a potion of haste.
You feel yourself speed up. Something hits you.
* * * LOW HITPOINT WARNING * * *
You feel better.
You hear some strange, mumbled words.
A magic dart appears from out of thin air!
The magic dart hits you!
You die...

........................#
.........##.....#.....###
.........##.....#.....#
.....######...#.#.....#
.....######...#.#.....#
.).......##.......#########
.........#####............####
................{.......#....##
.........####...@...#.........#
............+....###....#.#...#
............#..###............##
##......#...#.##...............#
..............#....###..^....###
.....####....#####......#.##.#
......#......#...#...#.##.##.#
....##..#....#._.+...#.......#
.............#...#...#.#######


There were no monsters in sight!

Vanquished Creatures
  A scorpion (D:4)
  3 adders
  5 worms
  3 dart slugs (D:2)
  3 orcs
  8 endoplasms
  2 giant cockroaches
  8 goblins
  5 hobgoblins
  6 kobolds
  4 quokkas
  9 ball pythons
  5 bats
  5 frilled lizards
  13 rats
80 creatures vanquished.

Vanquished Creatures (others)
  3 fungi (D:4)
3 creatures vanquished.

Grand Total: 83 creatures vanquished

Notes
Turn   | Place    | Note
-------+----------+-------------------------------------------
     0 | D:1      | McKennaii the Demigod Conjurer began the quest for the Orb.
     0 | D:1      | Reached XP level 1. HP: 14/14 MP: 5/5
   399 | D:1      | Reached XP level 2. HP: 20/20 MP: 4/7
   824 | D:1      | Reached skill level 4 in Conjurations
  1109 | D:2      | Learned a level 2 spell: Searing Ray
  1331 | D:2      | Reached XP level 3. HP: 26/26 MP: 4/8
  2081 | D:3      | Reached XP level 4. HP: 33/33 MP: 8/10
  2336 | D:3      | Learned a level 4 spell: Iskenderun's Mystic Blast
  3049 | D:4      | Reached XP level 5. HP: 15/38 MP: 6/11
  3264 | D:4      | Noticed a black bear
  3327 | D:3      | Killed from afar by an orc wizard

Illustrated notes

Levels and vault maps discovered:
D:1:      doesnt_arrival_eight_statues, layout_loops_ring, nrook_loot_triangle
D:2:      layout_rooms
D:3:      layout_basic, okawaru_metal_pillars_1_2, nicolae_ashenzari_skybound,
          dreamdust_ecumenical_altar_hidden_monk_grotto, minmay_misc_feat_square
D:4:      layout_cave_pools, pf_just_have_faith, trog_ov_bears_minmay,
          lemuel_zombie_altar_yredelemnul, minmay_temple_entry_fiery,
          serial_park, serial_park_tiny_1, serial_park_gazebo
          [serial_park_minivault_5x5_6], serial_park_square2,
          reono_crystal_passage, nicolae_elevator_lobby_asterisk

Skill      XL: |  1  2 |
---------------+-------+-----
Stealth        | 2 |  2.9
Dodging        | 2 |  2.7
Spellcasting   | 2 |  2.6
Conjurations   | 4 |  4.8

Action                   |  1- 3 |  4- 6 || total
-------------------------+-------+-------++-------
 Cast: Magic Dart        |   110 |    64 ||   174
       Searing Ray       |       |     6 ||     6
  Use: Potion            |       |     8 ||     8
Armor: Robe              |       |     2 ||     2
Dodge: Dodged            |     7 |     4 ||    11
